 Dungeon Crawl Stone Soup version 0.23-a0-582-g1b4a0ca (webtiles) character file.

37 kr3s1m1r the Magician (level 3, -3/19 HPs)
             Began as a Deep Elf Wizard on Dec 16, 2018.
             Slain by a worker ant (7 damage)
             ... on level 4 of the Dungeon.
             The game lasted 00:06:28 (1705 turns).

kr3s1m1r the Magician (Deep Elf Wizard)             Turns: 1705, Time: 00:06:28

Health: -3/19      AC:  2    Str:  4    XL:     3   Next: 23%
Magic:  11/11      EV: 13    Int: 23    God:
Gold:   93         SH:  0    Dex: 13    Spells: 10/11 levels left

rFire    . . .     SeeInvis .   i - +2 dagger (venom)
rCold    . . .     Gourm    .   (no shield)
rNeg     . . .     Faith    .   a - +0 robe
rPois    .         Spirit   .   b - +0 hat
rElec    .         Reflect  .   (no cloak)
rCorr    .         Harm     .   (no gloves)
MR       .....                  (no boots)
Stlth    ++........             (no amulet)
HPRegen  0.06/turn              (no ring)
MPRegen  0.12/turn              (no ring)

@: no status effects
A: no striking features
a: no special abilities


You were on level 4 of the Dungeon.
You were not hungry.

You visited 1 branch of the dungeon, and saw 3 of its levels.

You collected 93 gold pieces.

Inventory:

Hand Weapons
 c - a +0 short sword
 i - a +2 dagger of venom (weapon)
Armour
 a - a +0 robe (worn)
 b - a +0 hat (worn)
Scrolls
 e - 3 scrolls of remove curse
Potions
 g - a potion of degeneration {unknown}
 h - a potion of curing {unknown}
Comestibles
 d - 3 rations
 f - 4 chunks of flesh


   Skills:
 + Level 3.1 Dodging
 + Level 3.2 Stealth
 + Level 4.8 Spellcasting
 + Level 1.9 Conjurations
   Level 1.1 Summonings
   Level 1.1 Translocations


You had 10 spell levels left.
You knew the following spells:

 Your Spells              Type           Power        Failure   Level  Hunger
z - Magic Dart            Conj           ##..         4%          1    None

Your spell library contained the following spells:

 Spells                   Type           Power        Failure   Level  Hunger
 Blink                    Tloc           N/A          10%         2    None
 Call Imp                 Summ           ##......     10%         2    None
 Slow                     Hex            #.......     14%         2    None
 Conjure Flame            Conj/Fire      ##......     19%         3    ##.....
 Mephitic Cloud           Conj/Pois/Air  #.......     22%         3    ##.....


Dungeon Overview and Level Annotations

Branches:
Dungeon (2/15)

Altars:


Message History

An orc comes into view. It is wielding a +0 mace.
The orc shouts!
An orc comes into view. It is wielding a +0 club.
The orc shouts!
Found 4 scrolls labeled YFYMIGR BIOB YSY.
A worker ant and an orc priest come into view.
The worker ant barely misses you.
You see here 3 scrolls labeled YFYMIGR BIOB YSY.
e - 4 scrolls labeled YFYMIGR BIOB YSY (gained 3)
The worker ant bites you!
As you read the scroll labeled YFYMIGR BIOB YSY, it crumbles to dust.
You feel blessed for a moment.
It was a scroll of remove curse.
The worker ant bites you!
* * * LOW HITPOINT WARNING * * *
The orc priest shouts!
The worker ant misses you. The worker ant bites you.
* * * LOW HITPOINT WARNING * * *
The worker ant bites you!
You die...

#.# #.# #.######
#.#.... ##....##
#......###
#........#
#.#.####a..o..#.#
#......@o..o......
....#####o#.###...
# #..... ..
#.#.### # #.#.#
#.#.. #.# # .#


You could see a worker ant, an orc priest and 3 orcs.

Vanquished Creatures
  3 giant cockroaches
  7 hobgoblins
  4 jackals (D:1)
  6 bats
  A frilled lizard (D:1)
  5 goblins
  4 kobolds
  5 rats (D:1)
35 creatures vanquished.

Notes
Turn   | Place    | Note
-------+----------+-------------------------------------------
     0 | D:1      | kr3s1m1r the Deep Elf Wizard began the quest for the Orb.
     0 | D:1      | Reached XP level 1. HP: 10/10 MP: 7/7
   412 | D:1      | Reached XP level 2. HP: 15/15 MP: 4/9
  1396 | D:2      | Reached XP level 3. HP: 19/19 MP: 6/11
  1700 | D:2      | You fall through a shaft for 2 floors!
  1705 | D:4      | Slain by a worker ant

Vault maps used:
D:1:      onia_arrival_mini_spirals, minmay_tiny_reverse_x
D:2:      minmay_vboxes
D:4:      first_ration, okawaru_altar_gauntlet_db

Skill      XL: |  1  2 |
---------------+-------+-----
Stealth        | 3 |  3.2
Dodging        | 3 |  3.1
Spellcasting   | |  4.8
Conjurations   | |  1.9
Summonings     | |  1.1
Translocations | |  1.1

Action                   || total
-------------------------++-------
Melee: Short sword       ||    13
 Cast: Magic Dart        ||    88
  Use: Scroll            ||     1
  Eat: Chunk             ||     2
Armor: Robe              ||    10
Dodge: Dodged            ||    33

Table legend:
 A = Non-vault XP
 B = Vault XP
 C = Vault XP percentage of total XP
 D = Non-vault monster count
 E = Vault monster count
 F = Vault count percentage of total count
                 A         B        C        D         E       F
            +---------+---------+-------+---------+---------+-------
      Total |      51 |       3 |   5.6 |      33 |       2 |   5.7
            +---------+---------+-------+---------+---------+-------
        D:1 |      37 |       3 |   7.5 |      25 |       2 |   7.4
        D:2 |      14 |       0 |   0.0 |       8 |       0 |   0.0
            +---------+---------+-------+---------+---------+-------
